 Dungeon Crawl Stone Soup version 0.24.0-13-gcf9b3192b9 (webtiles) character file.

Game seed: 13682634271753236240, levelgen mode: deterministic

128 Descartes the Ducker (level 4, -2/19 HPs)
             Began as a Felid Transmuter on Nov 10, 2019.
             Slain by Grinder (10 damage)
             ... while paralysed by Grinder
             ... on level 3 of the Dungeon.
             The game lasted 00:07:33 (4650 turns).

Descartes the Ducker (Felid Transmuter)             Turns: 4650, Time: 00:07:34

Health: -2/19      AC:  1    Str:  7    XL:     4   Next: 86%
Magic:  8/8        EV:  4    Int: 14    God:
Gold:   89         SH:  0    Dex: 17    Spells: 4/7 levels left
                                        Lives:  0   Deaths: 1

rFire    . . .     SeeInvis +     - Unarmed
rCold    . . .     Gourm    .   (shield unavailable)
rNeg     . . .     Faith    .   (armour unavailable)
rPois    .         Spirit   .   (helmet unavailable)
rElec    .         Reflect  .   (cloak unavailable)
rCorr    .         Harm     .   (gloves unavailable)
MR       .....                  (boots unavailable)
Stlth    +++.......             (no amulet)
HPRegen  0.06/turn              (no ring)
MPRegen  0.11/turn              (no ring)

@: paralysed, appendage (expiring), quick
A: very small, no armour, no weapons or thrown items, stealth, claws 1, fangs 3,
horns 2, see invisible, carnivore, speed 1, shaggy fur 1, slow metabolism 1,
sharp paws
a: End Transformation


You were on level 3 of the Dungeon.
You were completely stuffed.
You had grown temporary horns.
You visited 1 branch of the dungeon, and saw 3 of its levels.

You collected 89 gold pieces.

Inventory:

Missiles
 a - 73 arrows
 b - 69 stones
Jewellery
 i - an uncursed ring of ice
Scrolls
 d - 4 scrolls of fog
 e - 3 scrolls of remove curse
 f - a scroll of enchant weapon
 k - a scroll of amnesia
 l - 2 scrolls of identify
 n - a scroll of teleportation {unknown}
Potions
 g - a potion of brilliance
 h - a potion of cancellation {unknown}
 j - a potion of invisibility
 m - a potion of berserk rage {unknown}
 o - a potion of heal wounds {unknown}
Comestibles
 c - 4 rations
 p - 3 chunks of flesh


   Skills:
 - Level 1.0 Fighting
 * Level 5.0 Dodging
 + Level 3.0 Stealth
 * Level 4.3 Unarmed Combat
 - Level 2.0 Spellcasting
 + Level 3.2 Transmutations


You had 4 spell levels left.
You knew the following spells:

 Your Spells              Type           Power        Failure   Level  Hunger
a - Beastly Appendage     Tmut           ##....       6%          1    ##.....
b - Sticks to Snakes      Tmut           ##......     10%         2    ###....

Your spell library contained the following spells:

 Spells                   Type           Power        Failure   Level  Hunger
 Spider Form              Tmut/Pois      #.........   36%         3    ####...
 Ice Form                 Ice/Tmut       #.......     77%         4    #####..
 Blade Hands              Tmut           ##........   87%         5    ######.


Dungeon Overview and Level Annotations

Branches:
Dungeon (3/15)

Altars:
Vehumet

Annotations:
D:3 2 transporters, Grinder; idalgo99produo's ghost, amateur MfSu


Innate Abilities, Weirdness & Mutations

You cannot wear armour.
You are incapable of wielding weapons or throwing items.
Your paws allow you to move quietly. (Stealth)
You have sharp claws.
You have razor-sharp teeth.
You have supernaturally acute eyesight. (SInv)
You are carnivorous and can eat meat at any time.
You cover ground quickly.
You are covered in fur. (AC +1)
You have a slow metabolism.
Your sharp claws are effective at attacking unaware monsters.
You have a pair of horns on your head.


Message History

You grow a pair of large bovine horns.
You pounce on the unaware helpless Grinder!
You claw Grinder! You headbutt Grinder.
Grinder is moderately wounded.
Grinder misses you.
You scratch Grinder but do no damage.
Grinder is moderately wounded.
Grinder misses you.
You scratch Grinder. You headbutt Grinder, but do no damage.
Your bite misses Grinder.
Grinder is heavily wounded.
Grinder gestures at you.
You suddenly lose the ability to move!
Your transformation is almost over.
Grinder hits you but does no damage. Grinder hits you.
You writhe in agony.
Grinder hits you. Grinder hits you!
Ouch! That really hurt!
You die...

.......÷.)..#
#.#...#.####
###########.#
#.#.........
###.#########.......####
#.............#.#######
#.###########.#>......#
... #.......#)#≈.##.#
### #.#####.#.......##
#.# #.#....≈.... #@#
#.#..≈.≈..#. #5#
#....≈≈..##. #.#
###......##. #.#
#.##...... ..#
#....##.## ### #.#####.#
#.#####.# #.......#
#########


You could see Grinder.

Vanquished Creatures
  2 orc wizards (D:3)
  Jessica (D:2)
  4 gnolls (D:3)
  An adder (D:2)
  2 oozes
  A dart slug (D:1)
  3 leopard geckos
  6 orcs
  2 giant cockroaches
  8 hobgoblins
  5 jackals (D:2)
  5 kobolds
  5 bats
  3 frilled lizards
  7 goblins
  3 rats (D:1)
58 creatures vanquished.

Notes
Turn   | Place    | Note
-------+----------+-------------------------------------------
     0 | D:1      | Descartes the Felid Transmuter began the quest for the Orb.
     0 | D:1      | Reached XP level 1. HP: 9/9 MP: 4/4
   130 | D:1      | Reached skill level 3 in Dodging
   161 | D:1      | Reached XP level 2. HP: 12/12 MP: 4/6
   453 | D:1      | Reached skill level 1 in Stealth
   776 | D:1      | Learned a level 2 spell: Sticks to Snakes
   865 | D:1      | Reached XP level 3. HP: 7/15 MP: 5/7
  1910 | D:2      | Noticed Jessica
  2426 | D:2      | Reached skill level 4 in Dodging
  2633 | D:2      | Killed Jessica
  2633 | D:2      | Reached XP level 4. HP: 11/19 MP: 6/8
  3936 | D:3      | Found a radiant altar of Vehumet.
  3955 | D:3      | Reached XP level 5. HP: 5/22 MP: 7/9
  3956 | D:3      | Slain by an orc wizard
  3957 | D:3      | Reached XP level 4. HP: 0/19 MP: 7/8
  4195 | D:3      | Noticed idalgo99produo's ghost (amateur MfSu)
  4195 | D:3      | Noticed an ogre
  4196 | D:3      | Identified the +11 great mace of Okawaru's Indignation
                  | {venom, rF- Int+3 Dex+3}
  4196 | D:3      | Noticed an ogre
  4559 | D:3      | Found a transporter.
  4562 | D:3      | Reached skill level 5 in Dodging
  4570 | D:3      | Noticed an ogre
  4573 | D:3      | Found a transporter.
  4639 | D:3      | Noticed Grinder
  4646 | D:3      | Paralysed by Grinder for 4 turns
  4650 | D:3      | Slain by Grinder

Levels and vault maps discovered:
D:1:      lightli_arrival_maybe_door_vault, layout_rooms, wad_floor_pattern_2,
          minmay_three_crescents
D:2:      layout_basic, uniq_jessica
D:3:      layout_loops_ring, overflow_temple_1_default, gammafunk_ghost_smash,
          chequers_serial_rivers_micro_c, uniq_grinder

Skill      XL: |  1  2  3  4 |
---------------+-------------+-----
Dodging        | 3 4 5 |  5.0
Stealth        | 1 2 3 |  3.0
Unarmed Combat | 4 |  4.3
Transmutations | 3 |  3.2
Fighting       | |  1.0
Spellcasting   | |  2.0

Action                   |  1- 3 |  4- 6 || total
-------------------------+-------+-------++-------
Melee: Unarmed           |   122 |    80 ||   202
       Headbutt          |    13 |    15 ||    28
       Bite              |    10 |    10 ||    20
       Punch             |     1 |     1 ||     2
 Cast: Beastly Appendage |    24 |    17 ||    41
  Use: Scroll            |     6 |     1 ||     7
 Stab: Sleeping          |     3 |     4 ||     7
  Eat: Chunk             |    10 |    10 ||    20
Armor: Skin              |     3 |     1 ||     4
Dodge: Dodged            |    97 |    68 ||   165
